 Dungeon Crawl Stone Soup version 0.26-b1-32-g5d43845318 (webtiles) character file.

Game seed: 200718305512664334

247 Dirian the Covered (level 5, -9/46 HPs)
             Began as a Minotaur Fighter on Jan 10, 2021.
             Was an Initiate of the Shining One.
             Killed by divine providence
             ... invoked by an orc priest
              (15 damage)
             ... on level 4 of the Dungeon.
             The game lasted 00:03:33 (3240 turns).

Dirian the Covered (Minotaur Fighter)               Turns: 3240, Time: 00:03:34

Health: -9/46      AC:  8    Str: 22    XL:     5   Next: 85%
Magic:  4/4        EV:  7    Int:  5    God:    the Shining One [......]
Gold:   130        SH:  9    Dex:  9    Spells: 4/4 levels left

rFire    . . .     SeeInvis .   a - +1 war axe
rCold    . . .     Faith    .   c - +0 kite shield
rNeg     . . .     Spirit   .   b - +0 scale mail
rPois    .         Reflect  .   (helmet restricted)
rElec    .         Harm     .   (no cloak)
rCorr    .         Rampage  .   m - +0 pair of gloves
Will     +....                  (no boots)
Stlth    ..........             e - amulet of magic regeneration
HPRegen  0.15/turn              f - ring of willpower
MPRegen  0.34/turn              (no ring)

@: lethally poisoned (-9 -> -10), glowing
A: retaliatory headbutt, horns 2
a: Renounce Religion


You were on level 4 of the Dungeon.
You worshipped the Shining One.
The Shining One was noncommittal.
You visited 1 branch of the dungeon, and saw 4 of its levels.

You collected 130 gold pieces.

Inventory:

Hand Weapons
 a - a +1 war axe (weapon)
Armour
 b - a +0 scale mail (worn)
 c - a +0 kite shield (worn)
 j - a +0 plate armour
 m - a +0 pair of gloves (worn)
Jewellery
 e - an amulet of magic regeneration (around neck)
 f - a ring of willpower (left hand)
Scrolls
 i - a scroll of enchant weapon
 k - a scroll of immolation
 p - a scroll of fear
 t - 2 scrolls of teleportation
 x - 2 scrolls of remove curse
Potions
 d - a potion of might
 l - a potion of curing {unknown}
 n - a potion of haste {unknown}
 q - a potion of resistance {unknown}
 r - a potion of cancellation {unknown}
 u - a potion of flight {unknown}


   Skills:
 + Level 4.2 Fighting
 + Level 5.0 Axes
 + Level 5.3 Armour
 + Level 4.8 Shields


You had 4 spell levels left.
You didn't know any spells.
Your spell library was empty.

Dungeon Overview and Level Annotations

Branches:
Dungeon (4/15)
 Temple: D:4-7

Altars:
Dithmenos
Okawaru
Xom
The Shining One

Annotations:
D:3 2 transporters, Raspi's ghost, amateur FoFi


Innate Abilities, Weirdness & Mutations

You reflexively headbutt those who attack you in melee.
You have a pair of horns on your head.


Message History

The troll bites you. You block the troll's attack. x2
The orc priest calls down the wrath of Beogh upon you.
Beogh smites you!
You hit the orc priest but do no damage.
Your headbutt misses the orc priest.
The orc priest is heavily wounded.
You closely miss the troll. You block the troll's attack. The troll claws you.
The troll barely misses you. You block the orc priest's attack.
The troll bites you but does no damage.
The troll claws you but does no damage. x2
You barely miss the orc priest.
The orc priest is heavily wounded.
You barely miss the troll.
You feel sick.
The orc priest hits you but does no damage.
You block the troll's attack. The troll claws you!
* * * LOW HITPOINT WARNING * * *
You block the troll's attack.
You feel sick.
The orc priest calls down the wrath of Beogh upon you.
Beogh smites you!
You die...

.). #.# #. ..# #:#
#.. #.# #.# #..# #
#..# #h###..#
#.#...#†o.#...#
##..###T###....#
#......?o.....#
#.............##
#..<......@....#
#..............##
#!..............#
##..............#
#...............##
..#..............###
###...........##)>.##
##.........#####..###
##.......## ##...## #


You could see a troll and an orc priest.

Vanquished Creatures
  An ogre (D:4)
  A jelly (D:3)
  A worker ant (D:4)
  5 adders
  3 worms
  A dart slug (D:2)
  An orc (D:3)
  8 bats
  A giant cockroach (D:3)
  9 goblins
  6 hobgoblins
  2 jackals (D:4)
  8 kobolds
  A quokka (D:4)
  A ball python (D:1)
  4 frilled lizards
  7 rats
60 creatures vanquished.

Notes
Turn   | Place    | Note
-------+----------+-------------------------------------------
     0 | D:1      | Dirian the Minotaur Fighter began the quest for the Orb.
     0 | D:1      | Reached XP level 1. HP: 19/19 MP: 0/0
   348 | D:1      | Reached XP level 2. HP: 27/27 MP: 1/1
  1332 | D:2      | Reached XP level 3. HP: 33/33 MP: 2/2
  1942 | D:2      | Found a glowing golden altar of the Shining One.
  2230 | D:2      | Became a worshipper of the Shining One
  2540 | D:3      | Reached XP level 4. HP: 40/40 MP: 3/3
  2549 | D:3      | Found a transporter.
  2549 | D:3      | Noticed Raspi's ghost (amateur FoFi)
  2563 | D:3      | Found a transporter.
  2565 | D:3      | Found a shimmering altar of Xom.
  2826 | D:3      | Found an iron altar of Okawaru.
  2855 | D:3      | Found a shadowy altar of Dithmenos.
  3079 | D:4      | Reached XP level 5. HP: 46/46 MP: 4/4
  3142 | D:4      | Noticed an ogre
  3150 | D:4      | Killed an ogre
  3151 | D:4      | Reached skill level 5 in Armour
  3231 | D:4      | Noticed a troll
  3235 | D:4      | Reached skill level 5 in Axes
  3240 | D:4      | Killed from afar by an orc priest

Illustrated notes

Levels and vault maps discovered:
D:1:      nicolae_arrival_memento_mori, layout_basic, grunt_decor_clamped,
          hangedman_decor_slide_cut
D:2:      layout_loops_ring, nicolae_tso_swordbearing_angel
D:3:      layout_basic, lemuel_round_altar, xom_butterflies,
          gammafunk_ghost_arena, grunt_dithmenos_smoke_and_mirrors
D:4:      minmay_diamond_boxcup, layout_cave_pods, minmay_misc_feat_alley,
          minmay_manual_mail

Skill      XL: |  1  2  3  4  5 |
---------------+----------------+-----
Armour         | 4 5 |  5.3
Shields        | 4 |  4.8
Fighting       | 4 |  4.2
Axes           | 3 4 5 |  5.0

Action                   |  1- 3 |  4- 6 || total
-------------------------+-------+-------++-------
Melee: War axe           |    99 |    49 ||   148
       Headbutt          |    13 |     8 ||    21
  Use: Scroll            |       |     9 ||     9
Armor: Scale mail        |    46 |    23 ||    69
Dodge: Dodged            |    31 |    11 ||    42
Block: Kite shield       |    54 |    36 ||    90
